 Dungeon Crawl Stone Soup version 0.21.1-1-g345015f (webtiles) character file.

699 kae the Changer (level 7, 31/31 HPs)
             Began as a Felid Transmuter on June 3, 2018.
             Was an Initiate of Okawaru.
             Quit the game on level 7 of the Dungeon.
             The game lasted 00:09:52 (9780 turns).

kae the Changer (Felid Transmuter)                  Turns: 9780, Time: 00:09:52

Health: 31/31      AC:  2    Str:  6    XL:     7   Next: 38%
Magic:  13/13      EV: 21    Int: 14    God:    Okawaru [......]
Gold:   181        SH:  0    Dex: 19    Spells: 1/12 levels left
                                        Lives:  1   Deaths: 1

rFire    . . .     SeeInvis +     - Unarmed
rCold    . . .     Gourm    .   (shield unavailable)
rNeg     . . .     Faith    .   (armour unavailable)
rPois    .         Spirit   .   (helmet unavailable)
rElec    .         Reflect  .   (cloak unavailable)
rCorr    .         Harm     .   (gloves unavailable)
MR       +....                  (boots unavailable)
Stlth    +++.......             (no amulet)
HPRegen  0.10/turn              (no ring)
MPRegen  0.13/turn              (no ring)

@: quick
A: very small, no armour, no weapons or thrown items, stealth, claws 1, fangs 3,
see invisible, carnivore, speed 1, shaggy fur 2, slow metabolism 1, sharp paws
a: Renounce Religion


You were on level 7 of the Dungeon.
You worshipped Okawaru.
Okawaru was noncommittal.
You were not hungry.

You visited 2 branches of the dungeon, and saw 8 of its levels.

You collected 373 gold pieces.
You spent 192 gold pieces at shops.

Inventory:

Missiles
 a - 115 arrows
Jewellery
 v - an uncursed ring of stealth {unknown}
 x - an uncursed ring of fire {unknown}
 y - a +4 ring of strength {unknown}
Wands
 e - a wand of random effects (23)
 f - a wand of digging (21)
 r - a wand of enslavement (10)
Scrolls
 d - 3 scrolls of enchant weapon
 g - 3 scrolls of amnesia
 i - 2 scrolls of remove curse
 j - a scroll of teleportation {unknown}
 l - a scroll of random uselessness
 n - a scroll of blinking {unknown}
 p - 2 scrolls of identify
 u - a scroll of fear
Potions
 h - a potion of magic {unknown}
 k - a potion of flight
 m - 3 potions of curing
 o - a potion of berserk rage
 q - 2 potions of resistance
 t - 2 potions of might
 w - a potion of brilliance
 z - a potion of lignification {unknown}
 A - a potion of ambrosia {unknown}
 B - a potion of agility
Books
 b - a book of Changes

   Spells                             Type                      Level
   a - Beastly Appendage              Transmutation                1
   b - Sticks to Snakes               Transmutation                2
   c - Spider Form                    Transmutation/Poison         3
   d - Ice Form                       Ice/Transmutation            4
   e - Blade Hands                    Transmutation                5
Comestibles
 c - 13 rations


   Skills:
 + Level 3.1 Fighting
 + Level 5.0 Dodging
 + Level 4.3 Stealth
 * Level 5.6 Unarmed Combat
 + Level 3.4 Spellcasting
 * Level 7.1 Transmutations
 + Level 1.2 Invocations


You had one spell level left.
You knew the following spells:

 Your Spells              Type           Power        Failure   Level  Hunger
a - Beastly Appendage     Tmut           ###...       1%          1    #......
b - Sticks to Snakes      Tmut           ###.....     1%          2    ##.....
c - Spider Form           Tmut/Pois      ##........   14%         3    ###....
d - Blade Hands           Tmut           ###.......   30%         5    ######.


Dungeon Overview and Level Annotations

Branches:
Dungeon (7/15)             Temple (1/1) D:4

Altars:
Ashenzari
Cheibriados
Dithmenos
Elyvilon
Fedhas
Gozag
Hepliaklqana
Kikubaaqudgha
Makhleb
Nemelex Xobeh
Okawaru
Qazlal
Ru
Sif Muna
Trog
Uskayaw
Vehumet
Wu Jian
Xom
Yredelemnul
Zin
The Shining One

Shops:
D:5 !   D:6 (

Annotations:
D:4 Jaiteiro's ghost, amateur MiFi
D:7 exclusion: electric eel


Innate Abilities, Weirdness & Mutations

You cannot wear armour.
You are incapable of wielding weapons or throwing items.
Your paws allow you to move quietly. (Stealth)
You have sharp claws.
You have razor-sharp teeth.
You have supernaturally acute eyesight. (SInv)
You are carnivorous and can eat meat at any time.
You cover ground quickly.
You are covered in thick fur. (AC +2)
You have a slow metabolism.
Your sharp claws are effective at attacking unaware monsters.


Message History

The jackal barely misses you. The jackal completely misses you.
Unknown command.
You scratch the orc warrior.
The orc warrior is severely wounded.
The jackal misses you. The orc wizard closely misses you.
The jackal closely misses you.
The orc warrior hits you with a trident!
* * * LOW HITPOINT WARNING * * *
The jackal completely misses you. The orc wizard casts a spell at you.
The magic dart hits you!
You die...
You are now level 7!
You rejoin the land of the living...
Unknown command.
Unknown command.
Unknown command.
Unknown command.
Unknown command.
Are you sure you want to abandon this character and quit the game? (Confirm with "yes".)

#########
##.......#
.........# .#
.........# .# ≈#
#.......# .## ≈#
##.......# ..# ≈≈#
.......@.# ..#≈≈≈#
.........# .≈#≈≈≈#
##.......# .≈≈≈≈≈#.
#.......# ...≈≈≈..
.........# ...≈≈≈..
##.......# .≈.≈≈≈..
#.......# .≈≈≈≈≈..#
#.......#
.PP≈≈≈..###o......#


There were no monsters in sight!

Vanquished Creatures
  Sigmund (D:2)
  A water moccasin (D:5)
  A phantom (D:6)
  A centaur (D:4)
  The ghost of Saeniel the Sneak, an amateur OpFE (D:3)
  2 scorpions
  A howler monkey (D:5)
  3 crimson imps (D:6)
  A jelly (D:6)
  An orc priest (D:7)
  Crazy Yiuf (D:2)
  A bullfrog skeleton (D:6)
  A centaur skeleton (D:4)
  Ijyb (D:4)
  2 iguanas
  3 worker ants
  A hound skeleton (D:7)
  A hound zombie (D:5)
  A howler monkey skeleton (D:4)
  7 adders
  4 shadow imps
  An adder skeleton (D:6)
  A dart slug (D:3)
  A leopard gecko (D:3)
  15 orcs
  9 bats
  7 giant cockroaches
  11 goblins
  9 hobgoblins
  2 quokkas
  3 ball pythons
  3 frilled lizards
  9 kobolds
  A quokka skeleton (D:4)
  9 rats
117 creatures vanquished.

Vanquished Creatures (collateral kills)
  An orc warrior (D:6)
  A bullfrog (D:2)
  An orc wizard (D:7)
  A dart slug (D:1)
  An orc (D:7)
  4 kobolds
  2 bats
  4 rats
15 creatures vanquished.

Vanquished Creatures (others)
  A fungus (D:3)
1 creature vanquished.

Grand Total: 133 creatures vanquished

Notes
Turn   | Place    | Note
-------+----------+-------------------------------------------
     0 | D:1      | kae the Felid Transmuter began the quest for the Orb.
     0 | D:1      | Reached XP level 1. HP: 9/9 MP: 4/4
   180 | D:1      | Reached skill level 3 in Transmutations
   180 | D:1      | Reached XP level 2. HP: 9/12 MP: 6/6
   185 | D:1      | Learned a level 2 spell: Sticks to Snakes
   959 | D:2      | Reached XP level 3. HP: 15/15 MP: 5/7
   964 | D:2      | Learned a level 3 spell: Spider Form
   996 | D:2      | Noticed a bullfrog
  1029 | D:2      | Killed a bullfrog
  1029 | D:2      | Reached skill level 4 in Transmutations
  1346 | D:2      | Reached XP level 4. HP: 17/19 MP: 8/8
  1722 | D:2      | Reached skill level 5 in Transmutations
  1957 | D:2      | Found a runed door.
  2178 | D:2      | Noticed Sigmund
  2376 | D:3      | Reached skill level 1 in Stealth
  2376 | D:3      | Reached XP level 5. HP: 22/22 MP: 2/9
  2571 | D:3      | Noticed Saeniel's ghost (amateur OpFE)
  3059 | D:2      | Killed Sigmund
  3059 | D:2      | Gained mutation: You are covered in thick fur. (AC +2) [Felid growth]
  3059 | D:2      | Reached XP level 6. HP: 15/26 MP: 7/10
  3370 | D:2      | Noticed Crazy Yiuf
  3377 | D:2      | Killed Crazy Yiuf
  3986 | D:3      | Found a blossoming altar of Fedhas.
  4347 | D:3      | Killed Saeniel's ghost
  5298 | D:4      | Noticed Jaiteiro's ghost (amateur MiFi)
  5402 | D:4      | Noticed Ijyb
  5409 | D:4      | Killed Ijyb
  5548 | D:4      | Found a shadowy altar of Dithmenos.
  5653 | D:4      | Reached skill level 6 in Transmutations
  5653 | D:4      | Reached XP level 7. HP: 28/30 MP: 8/12
  6542 | D:5      | Entered Level 5 of the Dungeon
  6590 | D:5      | Found Gizaduz's Distillery.
  6597 | D:5      | Learned a level 5 spell: Blade Hands
  6641 | D:5      | Bought a potion of heal wounds for 60 gold pieces
  6641 | D:5      | Bought 2 potions of might for 96 gold pieces
  6641 | D:5      | Bought a potion of curing for 36 gold pieces
  6851 | D:5      | Reached skill level 5 in Unarmed Combat
  7667 | D:4      | Found a staircase to the Ecumenical Temple.
  7787 | Temple   | Entered the Ecumenical Temple
  7833 | Temple   | Became a worshipper of Warmaster Okawaru
  7897 | D:6      | Found Hariw's Antique Weapon Boutique.
  8178 | D:6      | Reached XP level 8. HP: 26/34 MP: 13/13
  8950 | D:6      | Reached skill level 7 in Transmutations
  9138 | D:6      | Reached skill level 1 in Invocations
  9424 | D:6      | Found a sparkling altar of Nemelex Xobeh.
  9512 | D:7      | Reached skill level 5 in Dodging
  9779 | D:7      | Killed from afar by an orc wizard
  9780 | D:7      | Reached XP level 7. HP: -3/31 MP: 11/13
  9780 | D:7      | Quit the game

Skill      XL: |  1  2  3  4  5  6  7  8 |
---------------+-------------------------+-----
Transmutations | 3 4 5 6 7 |  7.1
Dodging        | 3 4 5 |  5.0
Stealth        | 1 2 3 4 |  4.3
Unarmed Combat | 4 5 |  5.6
Fighting       | 2 3 |  3.1
Spellcasting   | 3 |  3.4
Invocations    | 1 |  1.2

Action                   |  1- 3 |  4- 6 |  7- 9 || total
-------------------------+-------+-------+-------++-------
Melee: Unarmed           |    72 |   166 |   205 ||   443
       Headbutt          |     5 |       |       ||     5
       Bite              |     3 |     3 |     6 ||    12
       Punch             |       |     2 |     1 ||     3
 Cast: Beastly Appendage |    11 |     1 |       ||    12
       Sticks to Snakes  |     7 |       |    10 ||    17
       Spider Form       |       |    28 |    22 ||    50
Evoke: Wand              |       |     1 |       ||     1
  Use: Potion            |       |     8 |     2 ||    10
       Scroll            |       |    12 |       ||    12
 Stab: Sleeping          |     2 |     8 |     8 ||    18
       Distracted        |       |       |     1 ||     1
  Eat: Chunk             |     3 |    16 |    13 ||    32
Armor: Skin              |     9 |     7 |     8 ||    24
Dodge: Dodged            |    71 |   118 |   212 ||   401
